 Dungeon Crawl Stone Soup version 0.28-a0-1206-g193881aaa2 (webtiles) character file.

Game seed: 12521511404622315326

123 leviel the Skirmisher (level 5, 0/47 HPs)
             Began as a Hill Orc Fighter on Dec 20, 2021.
             Slain by Natasha (1 damage)
             ... on level 3 of the Dungeon.
             The game lasted 00:03:19 (2246 turns).

leviel the Skirmisher (Hill Orc Fighter)            Turns: 2246, Time: 00:03:20

Health: 0/47       AC: 11    Str: 21    XL:     5   Next: 7%
Magic:  0/5        EV:  6    Int:  8    God:
Gold:   43         SH:  4    Dex: 10    Spells: 4/4 levels left

rFire   . . .      SeeInvis .   e - +1 broad axe (elec) {a}
rCold   . . .      Faith    .   c - +0 buckler
rNeg    . . .      Spirit   +   k - +0 plate armour
rPois   .          Reflect  .   (no helmet)
rElec   .          Harm     .   (no cloak)
rCorr   .          Rampage  .   (no gloves)
Will    .....                   (no boots)
Stlth   ..........              j - amulet of guardian spirit
HPRegen 0.15/turn               (no ring)
MPRegen 0.09/turn               (no ring)

@: no status effects
A: no striking features
a: no special abilities


You were on level 3 of the Dungeon.
You visited 1 branch of the dungeon, and saw 3 of its levels.

You collected 43 gold pieces.

Inventory:

Hand Weapons
 e - a +1 broad axe of electrocution (weapon) {a}
Armour
 c - a +0 buckler (worn)
 k - a +0 plate armour (worn)
Jewellery
 j - an amulet of guardian spirit (around neck)
Scrolls
 i - a scroll of torment
Potions
 b - a potion of berserk rage
 d - a potion of might
 f - a potion of attraction
 h - a potion of cancellation {unknown}
 l - a potion of curing {unknown}


   Skills:
 + Level 4.5 Fighting
 + Level 4.0 Axes
 + Level 4.2 Armour
 + Level 4.1 Shields


You had 4 spell levels left.
You didn't know any spells.
Your spell library was empty.

Dungeon Overview and Level Annotations

Branches:
Dungeon (3/15)

Altars:

Annotations:
D:3 Natasha


Message History

The crimson imp hits you but does no damage.
Something claws you but does no damage. You block the crimson imp's attack.
Your Axes skill increases to level 4!
You have reached level 5!
You feel stronger.
You closely miss something. You barely miss the crimson imp.
You feel sick. Something claws you but does no damage.
The crimson imp hits you.
You miss something.
Your plate armour prevents you from hitting the crimson imp.
You feel sick.
You are no longer poisoned.
Something claws you but does no damage.
The crimson imp hits you but does no damage.
Something claws you but does no damage. The crimson imp hits you.
You closely miss something. You barely miss the crimson imp.
Something claws you but does no damage. The crimson imp closely misses you.
You closely miss something. You hit the crimson imp. Something claws you.
The crimson imp hits you but does no damage.
You hear some strange, mumbled words.
You barely miss something. You closely miss the crimson imp.
The crimson imp barely misses you.
You hear some strange, mumbled words.
A magic dart appears from out of thin air!
The magic dart hits you.
The crimson imp blinks!
You miss something. You miss the crimson imp. You barely miss the shadow imp.
The shadow imp hits you. Something claws you but does no damage.
You block the crimson imp's attack.
You barely miss something. You slash the crimson imp! You hit the shadow imp.
The shadow imp gestures at you. Pain shoots through your body!
* * * LOW HITPOINT WARNING * * *
Something claws you.
* * * LOW HITPOINT WARNING * * *
The crimson imp hits you but does no damage.
The shadow imp hits you but does no damage.
Something claws you.
* * * LOW HITPOINT WARNING * * *
The crimson imp closely misses you.
There is a stone staircase leading up here.
Something claws you.
You die...

#.#. #.#...
.... ####...
...... #
#..###.#
#..5@..#
####...#####.
#...)>5.......
+............#
#....#########
#.... #)...
#####


You could see a crimson imp (summoned) and a shadow imp (summoned).

Vanquished Creatures
  A hound skeleton (D:2)
  6 adders
  A gnoll (D:2)
  A worm (D:2)
  A dart slug (D:1)
  A bat (D:1)
  2 endoplasms
  A giant cockroach (D:1)
  4 goblins (D:1)
  5 hobgoblins
  3 quokkas
  7 ball pythons
  2 frilled lizards
  8 kobolds
  A rat (D:1)
44 creatures vanquished.

Notes
Turn   | Place    | Note
-------+----------+-------------------------------------------
     0 | D:1      | leviel the Hill Orc Fighter began the quest for the Orb.
     0 | D:1      | Reached XP level 1. HP: 19/19 MP: 1/1
     0 | D:1      | Upgraded the game from 0.28-a0-1199-gef9e1dbd39 to
                  | 0.28-a0-1206-g193881aaa2
   125 | D:1      | Reached XP level 2. HP: 27/27 MP: 2/2
   708 | D:1      | Reached XP level 3. HP: 33/33 MP: 3/3
  1466 | D:2      | Reached XP level 4. HP: 37/40 MP: 4/4
  2196 | D:2      | Identified a scroll of acquirement
  2196 | D:2      | Acquired a +1 broad axe of electrocution
  2228 | D:3      | Noticed Natasha
  2237 | D:3      | Reached XP level 5. HP: 31/47 MP: 5/5
  2243 | D:3      | HP: 1/47 [something (3)]
  2246 | D:3      | Slain by Natasha

Illustrated notes

Levels and vault maps discovered:
D:1:      nicolae_arrival_memento_mori, layout_loops_corners,
          hangedman_decor_diamond_cutter, hangedman_glass_teeth,
          grunt_decor_clamped
D:2:      layout_rooms, minmay_three_crescents
D:3:      layout_basic, serial_undead, serial_undead_d, serial_undead_d,
          serial_undead_e, serial_undead_a, uniq_natasha

Skill      XL: |  1  2  3  4 |
---------------+-------------+-----
Axes           | 3 4 |  4.0
Fighting       | 4 |  4.5
Armour         | 4 |  4.2
Shields        | 4 |  4.1

Action                   |  1- 3 |  4- 6 || total
-------------------------+-------+-------++-------
Melee: War axe           |    97 |    45 ||   142
       Broad axe         |       |    13 ||    13
  Use: Scroll            |     2 |     4 ||     6
Armor: Scale mail        |    45 |       ||    45
       Plate armour      |     5 |    50 ||    55
Dodge: Dodged            |    52 |    17 ||    69
Block: Buckler           |    20 |    17 ||    37

Table legend: (Time is in decaauts)
 A = Elapsed time spent in this place.
 B = Non-inter-level travel time spent in this place.
 C = Inter-level travel time spent in this place.
 D = Time resting spent in this place.
 E = Time spent auto-exploring this place.
 F = Levels seen in this place.
 G = Mean time per level.
                   A        B        C        D        E       F      G
               +--------+--------+--------+--------+--------+-----+--------+
         Total |   2298 |   2218 |     80 |    227 |   1633 |   3 |  766.0 |
       Dungeon |   2298 |   2218 |     80 |    227 |   1633 |   3 |  766.0 |
               +--------+--------+--------+--------+--------+-----+--------+

Top non-repeatable levels by time:
     D:1: 1329 daAuts
     D:2: 946 daAuts
     D:3: 22 daAuts
